 Dungeon Crawl Stone Soup version 0.19-a0-665-g79b24d5 (webtiles) character file.

8036 Laan the Grappler (level 11, 0/107 HPs)
             Began as a Troll Monk on June 16, 2016.
             Was a High Priest of Makhleb.
             Slain by an 11-headed hydra (8 damage)
             ... on level 9 of the Dungeon.
             The game lasted 00:16:57 (7060 turns).

Laan the Grappler (Troll Monk)                      Turns: 7060, Time: 00:16:58

Health: 0/107      AC:  7    Str: 24    XL:     11   Next: 4%
Magic:  10/10      EV: 13    Int:  6    God:    Makhleb [*****.]
Gold:   594        SH:  0    Dex: 12    Spells: 0 memorised, 10 levels left

rFire  . . .     SeeInvis +       - Unarmed
rCold  . . .     Gourm    +     G - +1 robe "Yliast" {SInv}
rNeg   . . .     Faith    .     (no shield)
rPois  +         Spirit   .     (helmet restricted)
rElec  .         Dismiss  .     A - +0 cloak
rCorr  .         Reflect  .     (gloves unavailable)
SustAt .         Harm     .     (boots unavailable)
MR     .....                    (no amulet)
Stlth  +.........               (no ring)
                                Q - ring of poison resistance

@: not resistant to hostile enchantments, very unstealthy
A: unfitting armour, claws 3, fast metabolism 3, gourmand, regeneration 2,
shaggy fur 1, tough skin 2
a: Minor Destruction, Lesser Servant of Makhleb, Major Destruction, Greater
Servant of Makhleb, Renounce Religion


You were on level 9 of the Dungeon.
You worshipped Makhleb.
Makhleb was extremely pleased with you.
You were full.

You visited 2 branches of the dungeon, and saw 10 of its levels.
You also visited: Sewer.

You collected 594 gold pieces.

Inventory:

Armour
 A - a +0 cloak (worn)
 B - a -2 large shield
 E - a +1 robe of fire resistance
 G - the +1 robe "Yliast" (worn) {SInv}
   (You found it on level 6 of the Dungeon)

   It lets you see invisible.
Jewellery
 e - an uncursed ring of flight
 Q - a ring of poison resistance (left claw)
Wands
 n - a wand of lightning (13/15)
 o - a wand of acid (2/15)
 p - a wand of acid (9/15)
 H - a wand of iceblast (5/15)
Scrolls
 a - 3 scrolls of amnesia {unknown}
 c - 4 scrolls of remove curse
 g - 2 scrolls of immolation
 i - 3 scrolls of teleportation
 k - a scroll of noise {unknown}
 l - 3 scrolls of fog
 m - 2 scrolls of enchant weapon {unknown}
 s - 4 scrolls of magic mapping
 t - 3 scrolls of recharging
 w - 2 scrolls of enchant armour {unknown}
 C - 5 scrolls of identify {unknown}
 J - a scroll of fear {unknown}
Potions
 h - a potion of flight {unknown}
 j - 2 potions of might {unknown}
 q - 5 potions of heal wounds {unknown}
 r - 6 potions of curing {unknown}
 u - 2 potions of brilliance {unknown}
 v - 3 potions of magic {unknown}
 x - a potion of cure mutation {unknown}
 D - 2 potions of degeneration {unknown}
 I - 2 potions of agility {unknown}
 K - 2 potions of lignification {unknown}
 L - a potion of resistance {unknown}
 M - 2 potions of mutation {unknown}
 O - a potion of ambrosia {unknown}
 P - a potion of haste {unknown}
Books
 y - a book of Callings

   Spells                             Type                      Level
   a - Summon Small Mammal            Summoning                    1
   b - Call Imp                       Summoning                    2
   c - Call Canine Familiar           Summoning                    3
   d - Summon Guardian Golem          Hexes/Summoning              3
   e - Summon Lightning Spire         Summoning/Air                4
   f - Summon Ice Beast               Ice/Summoning                4
 N - the Compendium of Flamy Transmutation
   (You found it on level 9 of the Dungeon)

   Spells                             Type                      Level
   a - Ignite Poison                  Fire/Transmutation/Poison    3
   b - Petrify                        Transmutation/Earth          4
   c - Statue Form                    Transmutation/Earth          6
   d - Delayed Fireball               Conjuration/Fire             7
Comestibles
 b - 13 bread rations
 d - 2 slices of pizza
 f - 2 beef jerkies
 z - 12 fruits
 F - 3 meat rations


   Skills:
 + Level 6.5 Fighting
 + Level 6.1 Armour
 + Level 6.6 Dodging
 - Level 1.1 Stealth
 + Level 12.0 Unarmed Combat


You had 10 spell levels left.
You didn't know any spells.

Dungeon Overview and Level Annotations

Branches:
Dungeon (9/15)             Temple (1/1) D:4            Lair (0/6) D:9
    Orc: D:9-12

Altars:
Ashenzari
Cheibriados
Dithmenos
Elyvilon
Fedhas
Gozag
Hepliaklqana
Kikubaaqudgha
Makhleb
Nemelex Xobeh
Okawaru
Pakellas
Qazlal
Ru
Sif Muna
Trog
Vehumet
Xom
Yredelemnul
Zin
The Shining One


Innate Abilities, Weirdness & Mutations

You are too large for most types of armour.
You have claws for hands.
Your metabolism is lightning-fast.
You like to eat raw meat.
You heal very quickly.
You are covered in fur. (AC +1)
You have very tough skin. (AC +2)


Message History

You claw one of the nine-headed hydra's heads off!
The eight-headed hydra grows two more!
You mangle the ten-headed hydra!!
The ten-headed hydra is moderately wounded.
You claw one of the ten-headed hydra's heads off!
The nine-headed hydra grows two more!
You claw the 11-headed hydra!
The 11-headed hydra is moderately wounded.
The 11-headed hydra bites you but does no damage.
The 11-headed hydra misses you.
The 11-headed hydra bites you but does no damage.
The 11-headed hydra barely misses you. The 11-headed hydra closely misses you.
The 11-headed hydra barely misses you. The 11-headed hydra bites you!
The 11-headed hydra misses you. The 11-headed hydra bites you!
* * * LOW HITPOINT WARNING * * *
The 11-headed hydra bites you!
* * * LOW HITPOINT WARNING * * *
The 11-headed hydra bites you!
* * * LOW HITPOINT WARNING * * *
The 11-headed hydra bites you but does no damage.
The 11-headed hydra bites you!
You die...

###### ##### #...(# #....
#.##.# ####.###
#.##>#######.......
#####..................
#......#####..PPP......
#.###.## #.PPP.P.†.## #.#
#.### #.P._PP†#.# #.# #.@.#
#..PP.....# #.# ###D#
#...PPP.#.# #.# #.#
#####..##.# #.# #.#
#.#.##.. #.# #.# #.#.#####
#.# #.#######.#.####
#####.# #.#...........(#
#.....## #.#.####..####.#
#.###..####.#.####..####.##


You could see a 11-headed hydra.

Vanquished Creatures
  The ghost of nago the Brilliant, a novice OpAr of Pakellas (D:9)
  An unseen horror (D:7)
  Pikel (D:5)
  2 hill giants (D:8)
  Edmund (D:5)
  Prince Ribbit (D:5)
  2 two-headed ogres (D:8)
  Duvessa (D:5)
  A spriggan (D:7)
  A water moccasin (D:6)
  A phantom (D:8)
  An eye of draining (D:8)
  3 orc warriors
  2 ice beasts (D:8)
  A wasp (D:7)
  8 ogres
  5 centaurs
  A big kobold (D:8)
  8 giant frogs
  2 scorpions (D:9)
  2 howler monkeys
  A wasp zombie (D:9)
  6 crimson imps
  2 giant frog zombies
  5 orc priests
  8 orc wizards
  2 centaur skeletons
  A giant frog skeleton (D:4)
  6 hounds
  2 jellies
  8 worker ants
  An iguana (D:5)
  A hound skeleton (D:6)
  Robin (D:3)
  A howler monkey zombie (D:6)
  13 gnolls
  15 adders
  8 river rats (Sewer)
  2 shadow imps
  4 oozes (Sewer)
  An adder zombie (D:8)
  3 adder skeletons
  3 worms
  2 dart slugs
  8 giant geckos
  34 orcs
  4 giant cockroaches
  5 hobgoblins
  6 jackals
  8 kobolds
  A quokka (D:4)
  13 ball pythons
  4 bats
  A giant gecko skeleton (D:5)
  5 giant newts
  19 goblins
  22 rats
272 creatures vanquished.

Vanquished Creatures (others)
  3 slaves (D:5)
  Dowan (D:5)
  A worker ant zombie (D:5)
  2 bushes (D:9)
7 creatures vanquished.

Grand Total: 279 creatures vanquished

Notes
Turn   | Place    | Note
--------------------------------------------------------------
     0 | D:1      | Laan the Troll Monk began the quest for the Orb.
     0 | D:1      | Reached XP level 1. HP: 22/22 MP: 0/0
   311 | D:1      | Reached XP level 2. HP: 5/29 MP: 1/1
   656 | D:1      | Reached skill level 5 in Unarmed Combat
   656 | D:1      | Reached XP level 3. HP: 36/36 MP: 2/2
  1501 | D:2      | You fall through a shaft for 2 floors!
  1502 | D:4      | Noticed a centaur
  1507 | D:4      | Killed a centaur
  1507 | D:4      | Reached skill level 6 in Unarmed Combat
  1507 | D:4      | Reached XP level 4. HP: 35/44 MP: 3/3
  1507 | D:4      | Reached XP level 5. HP: 40/50 MP: 4/4
  1580 | D:3      | Found a hazy altar of Hepliaklqana.
  1624 | D:3      | Reached skill level 7 in Unarmed Combat
  1744 | D:3      | Found a glowing drain.
  1748 | Sewer    | Entered a sewer
  1816 | Sewer    | Reached XP level 6. HP: 59/59 MP: 5/5
  1996 | Sewer    | Reached skill level 8 in Unarmed Combat
  2036 | D:3      | Noticed Robin
  2068 | D:3      | Killed Robin
  2068 | D:3      | Reached XP level 7. HP: 60/66 MP: 6/6
  2330 | D:3      | Found a deep blue altar of Sif Muna.
  2401 | D:3      | Found an opulent altar of Gozag.
  2586 | D:4      | Reached skill level 9 in Unarmed Combat
  2587 | D:4      | Found a sparkling altar of Nemelex Xobeh.
  2753 | D:4      | Found a staircase to the Ecumenical Temple.
  2777 | Temple   | Entered the Ecumenical Temple
  2814 | Temple   | Became a worshipper of Makhleb the Destroyer
  2814 | Temple   | Reached * piety under Makhleb
  2814 | Temple   | Reached ** piety under Makhleb
  3169 | D:5      | Entered Level 5 of the Dungeon
  3186 | D:5      | Noticed Pikel
  3194 | D:5      | Killed Pikel
  3194 | D:5      | Reached skill level 1 in Armour
  3194 | D:5      | Reached skill level 10 in Unarmed Combat
  3194 | D:5      | Reached XP level 8. HP: 50/75 MP: 7/7
  3297 | D:5      | Found a basalt altar of Yredelemnul.
  3393 | D:5      | Noticed Duvessa
  3407 | D:5      | Killed Duvessa
  3443 | D:5      | Killed Dowan
  3594 | D:5      | Noticed Prince Ribbit
  3652 | D:5      | Noticed Edmund
  3660 | D:5      | Killed Edmund
  3660 | D:5      | Reached XP level 9. HP: 84/84 MP: 8/8
  3710 | D:5      | Killed Prince Ribbit
  3734 | D:5      | Found a bloodstained altar of Trog.
  3939 | D:6      | Reached *** piety under Makhleb
  4047 | D:6      | Got a bloodstained robe
  4058 | D:6      | Identified the +1 robe "Yliast" {SInv} (You found it on level 6 of the Dungeon)
  4105 | D:6      | Found a radiant altar of Vehumet.
  4443 | D:6      | Reached skill level 11 in Unarmed Combat
  4619 | D:6      | Found a shimmering altar of Xom.
  4710 | D:7      | Found a shattered altar of Ashenzari.
  4711 | D:7      | Reached **** piety under Makhleb
  4830 | D:7      | Reached skill level 5 in Fighting
  4833 | D:7      | Reached skill level 5 in Dodging
  4961 | D:7      | Noticed an unseen horror
  4979 | D:7      | Killed an unseen horror
  4979 | D:7      | Reached XP level 10. HP: 44/96 MP: 9/9
  5272 | D:8      | Noticed a hill giant
  5280 | D:8      | Killed a hill giant
  5280 | D:8      | Reached skill level 5 in Armour
  5381 | D:8      | Reached ***** piety under Makhleb
  5420 | D:8      | Noticed a hill giant
  5428 | D:8      | Killed a hill giant
  5785 | D:8      | Found an ancient bone altar of Kikubaaqudgha.
  5870 | D:8      | Found a shadowy altar of Dithmenos.
  5894 | D:8      | Found an iron altar of Okawaru.
  6029 | D:8      | Found a glowing silver altar of Zin.
  6322 | D:9      | Found a blossoming altar of Fedhas.
  6395 | D:9      | Identified the Compendium of Flamy Transmutation
  6564 | D:9      | Found a staircase to the Lair.
  6584 | D:9      | Found a blossoming altar of Fedhas.
  6658 | D:9      | Noticed nago's ghost (novice OpAr)
  6671 | D:9      | Killed nago's ghost
  6671 | D:9      | Reached skill level 12 in Unarmed Combat
  6671 | D:9      | Reached XP level 11. HP: 67/107 MP: 10/10
  7046 | D:9      | Noticed an eight-headed hydra
  7052 | D:9      | HP: 2/107 [11-headed hydra (17)]
  7060 | D:9      | Slain by an 11-headed hydra

Vault maps used:
D:1:      minmay_arrival_semitransparent, minmay_misc_feat_tiny
D:2:      first_bread, eino_tiny_chamber
D:3:      lemuel_round_altar, lemuel_doored_altar, grunt_gozag_statues,
          gup_sewer_entry_bowl, uniq_robin
D:4:      old_standard_altar, temple_pool_a
D:5:      nicolae_overflow_hidden_temple, lightli_temple_of_fire, uniq_pikel,
          uniq_prince_ribbit1, uniq_edmund, uniq_duvessa
D:6:      marbit_many_paths, kennysheep_mini
D:7:      ashenzari_conservatory_becter, the_bakery
D:8:      nicolae_overflow_quartered_altars
D:9:      nicolae_overflow_crystal_walls, lair_0_dummy,
          fedhas_bush_and_centaur_altar
Temple:   temple_island_7
Sewer:    sewer_minmay_w

Skill      XL: |  1  2  3  4  5  6  7  8  9 10 |
---------------+-------------------------------+-----
Unarmed Combat | 5 6 7 8 10 11 12 | 12.0
Fighting       | 3 4 5 6 |  6.5
Armour         | 1 3 4 6 |  6.1
Dodging        | 3 4 5 6 |  6.6
Stealth        | |  1.1

Action                   |  1- 3 |  4- 6 |  7- 9 | 10-12 || total
-------------------------+-------+-------+-------+-------++-------
Melee: Unarmed           |    76 |   169 |   335 |   188 ||   768
       Punch             |       |     1 |    18 |     8 ||    27
  Use: Scroll            |       |       |     6 |       ||     6
 Stab: Sleeping          |       |       |     2 |     1 ||     3
       Distracted        |       |       |     1 |       ||     1
  Eat: Chunk             |    19 |     4 |    28 |    17 ||    68
Armor: Robe              |    35 |    74 |    87 |    50 ||   246
Dodge: Dodged            |    56 |   101 |   205 |   100 ||   462
Block: Large shield      |       |       |    12 |       ||    12
